 Dungeon Crawl Stone Soup version 0.27.1-3-gb3d3a73c9e (webtiles) character file.

Game seed: 8106051836068923636

5163 Urokeeper the Basher (level 10, 0/58 HPs)
             Began as a Gargoyle Fighter on Oct 13, 2021.
             Was a Priest of Trog.
             Slain by an ettin (33 damage)
             ... on level 1 of the Orcish Mines.
             The game lasted 00:24:10 (8985 turns).

Urokeeper the Basher (Gargoyle Fighter)             Turns: 8985, Time: 00:24:11

Health: 0/58       AC: 16    Str: 25    XL:     10   Next: 59%
Magic:  10/10      EV:  7    Int:  9    God:    Trog [***...]
Gold:   468        SH: 20    Dex:  7    Spells: 9/9 levels left

rFire    + . .     SeeInvis +   x - +9 mace of Cruel Justice {speed, rF+ rN+}
rCold    . . .     Faith    .   c - +1 kite shield
rNeg     + + +     Spirit   .   b - +0 scale mail
rPois    ∞         Reflect  +   j - +1 hat
rElec    +         Harm     .   (no cloak)
rCorr    .         Rampage  .   q - +0 pair of gloves
Will     .....                  v - -1 pair of boots "Hofeirph" {rN+}
Stlth    ..........             e - amulet of reflection
HPRegen  0.00/turn              m - ring of see invisible
MPRegen  0.12/turn              (no ring)

@: inhibited regen
A: sickness immunity, AC +7, negative energy resistance 1, electricity
resistance, torment resistance 1, petrification resistance, large bone plates 1,
clumsy 1, inhibited regeneration, strong 1
a: Renounce Religion, Berserk, Trog's Hand


You were on level 1 of the Orcish Mines.
You worshipped Trog.
Trog was most pleased with you.
You visited 2 branches of the dungeon, and saw 10 of its levels.

You collected 468 gold pieces.

Inventory:

Hand Weapons
 a - a +2 flail of draining
 d - a +0 mace
 r - a +1 vampiric long sword
 s - a +2 flail of protection
 x - the +9 mace of Cruel Justice (weapon) {speed, rF+ rN+}
   (You found it on level 7 of the Dungeon)

   Attacks with this weapon are significantly faster.
   rF:        It protects you from fire.
   rN:        It protects you from negative energy.
Armour
 b - a +0 scale mail (worn)
 c - a +1 kite shield (worn)
 j - a +1 hat (worn)
 q - a +0 pair of gloves (worn)
 v - the -1 pair of boots "Hofeirph" (worn) {rN+}
   (You found it on level 7 of the Dungeon)

   rN:        It protects you from negative energy.
Jewellery
 e - an amulet of reflection (around neck)
 m - a ring of see invisible (left hand)
 y - a ring of ice
 B - an amulet of faith
Wands
 z - a wand of paralysis (9)
 C - a wand of acid (5)
Scrolls
 f - 5 scrolls of vulnerability
 g - 2 scrolls of noise
 n - a scroll of magic mapping
 o - a scroll of immolation {unknown}
 t - a scroll of fear {unknown}
 u - a scroll of brand weapon
 w - a scroll of blinking
 A - a scroll of summoning {unknown}
 D - a scroll of identify
Potions
 h - 3 potions of heal wounds
 i - a potion of haste
 k - 2 potions of curing
 l - a potion of attraction
 p - 3 potions of lignification


   Skills:
 + Level 4.6 Fighting
 - Level 14.0 Maces & Flails
 + Level 4.6 Armour
 + Level 4.6 Shields


You had 9 spell levels left.
You didn't know any spells.
Your spell library contained the following spells:

 Spells                   Type           Power      Damage    Failure   Level
 Beastly Appendage        Tmut           0%         N/A       98%         1
 Slow                     Hex            0%         N/A       99%         2
 Wereblood                Tmut           0%         N/A       99%         2
 Confusing Touch          Hex            0%         N/A       100%        3
 Spider Form              Tmut/Pois      0%         N/A       100%        3
 Yara's Violent Unravell  Hex/Tmut       0%         3d3       100%        5


Dungeon Overview and Level Annotations

Branches:
Dungeon (9/15)             Temple (0/1) D:7             Orc (1/2) D:9
   Lair: D:8-11

Altars:
Dithmenos
Fedhas
Gozag
Hepliaklqana
Ru
Sif Muna
Trog
Uskayaw

Shops:
D:4 [   D:8 =[?   Orc:1 ((


Innate Abilities, Weirdness & Mutations

You are immune to sickness and miasma.
Your stone body is resilient. (AC +7)
You are immune to poison.
You resist negative energy. (rN+)
You are resistant to electric shocks. (rElec)
You are resistant to unholy torment.
You are immune to petrification.
You are partially covered in large bone plates. (SH +4)
You are clumsy. (Dex -2)
You do not regenerate when monsters are visible.
Your muscles are strong. (Str +2)


Message History

You feel yourself slow down.
There is a fountain of clear blue water here.
There is an entrance to Sesegehi's Weapon Boutique here.
You start waiting.
You feel yourself speed up.
You start waiting.
You recover from your berserk rage.
Things that are here:
a +0 dagger; a +0 robe; an orc corpse
Found 19 gold pieces.
An ogre comes into view. It is wielding a +0 giant spiked club.
The ogre shouts!
You hear two shouts!
An ogre is nearby!
An ogre is nearby!
An ogre is nearby!
An ogre is nearby!
An ettin comes into view.
It is wielding a +0 dire flail and a +0 great mace.
You sock the ogre!
The ogre is moderately wounded.
The ogre hits you with a +0 giant spiked club.
You sock the ogre!
The ogre is severely wounded.
You sock the ogre!
You kill the ogre!
Trog accepts your kill.
A troll comes into view.
You sock the ettin!
The ettin is lightly wounded.
You block the ettin's attack.
The ettin hits you with a +0 great mace!!
You bludgeon the ettin!!
The ettin is heavily wounded.
You sock the ettin!
The ettin is heavily wounded.
You block the ettin's attack. The ettin barely misses you.
You hit the ettin.
The ettin is heavily wounded.
The ettin hits you with a +0 dire flail!!
Ouch! That really hurt!
You die...

..... ....... ...##..
##.......
#######........ ###
##..#.#)........
##.######...............
#...#.#...).............
##........#.....@.......
#................CT.....
........................
..##.#..................
..###...................
⌠.⌠#...............$....
.∩.##.....##..........##
⌠.⌠#......#............
.####....#.....


You could see an ettin and a troll.

Vanquished Creatures
  An orc sorcerer (Orc:1)
  A hornet (D:5)
  Grinder (D:5)
  A shadow (D:9)
  A wyvern (D:9)
  Sigmund (D:5)
  2 steam dragons (D:7)
  A warg (Orc:1)
  A black bear (D:7)
  4 ice beasts
  5 sky beasts
  An orc warrior (Orc:1)
  A necrophage (D:4)
  4 centaurs
  2 ogres
  3 phantoms
  A kobold brigand (D:8)
  A bullfrog (D:7)
  A gnoll sergeant (D:8)
  2 scorpions
  A wyvern skeleton (D:7)
  2 water moccasin zombies (D:6)
  A water moccasin skeleton (D:6)
  2 troll zombies (D:9)
  3 wights (D:9)
  3 howler monkeys
  A centaur zombie (D:9)
  5 hounds
  An orc priest (D:9)
  2 centaur skeletons
  2 gnoll shamans
  2 iguanas
  3 orc wizards
  4 ogre zombies (D:9)
  13 gnolls
  6 adders
  2 shadow imps
  2 white imps
  An adder skeleton (D:4)
  2 worms
  A dart slug (D:3)
  21 orcs
  5 ball pythons
  8 endoplasms
  5 goblins
  6 hobgoblins
  5 quokkas
  5 bats
  2 frilled lizards (D:2)
  2 goblin zombies (D:9)
  A hobgoblin skeleton (D:9)
  8 kobolds
  4 orc skeletons (D:9)
  12 orc zombies (D:9)
  6 rats
184 creatures vanquished.

Vanquished Creatures (others)
  A sky beast (D:7)
1 creature vanquished.

Grand Total: 185 creatures vanquished

Notes
Turn   | Place    | Note
-------+----------+-------------------------------------------
     0 | D:1      | Urokeeper the Gargoyle Fighter began the quest for the Orb.
     0 | D:1      | Reached XP level 1. HP: 14/14 MP: 1/1
   390 | D:1      | Reached XP level 2. HP: 19/19 MP: 2/2
   599 | D:1      | Reached skill level 3 in Maces & Flails
   675 | D:1      | Found a faded altar of an unknown god.
  1736 | D:2      | Reached XP level 3. HP: 18/23 MP: 3/3
  2484 | D:3      | Reached skill level 4 in Maces & Flails
  2646 | D:3      | Found a bloodstained altar of Trog.
  2703 | D:3      | Found a shimmering blue altar of Sif Muna.
  2735 | D:3      | Reached XP level 4. HP: 24/28 MP: 4/4
  2937 | D:3      | Found a shadowy altar of Dithmenos.
  3014 | D:3      | Found a blossoming altar of Fedhas.
  3028 | D:3      | Became a worshipper of Trog the Wrathful
  3074 | D:4      | Noticed a scorpion
  3107 | D:3      | Killed a scorpion
  3108 | D:3      | Reached skill level 5 in Maces & Flails
  3108 | D:3      | Reached XP level 5. HP: 15/32 MP: 5/5
  3428 | D:4      | You fall into a shaft and drop 1 floor!
  3428 | D:5      | Entered Level 5 of the Dungeon
  3446 | D:5      | Noticed Sigmund
  3453 | D:5      | Killed Sigmund
  3454 | D:5      | Reached skill level 6 in Maces & Flails
  3454 | D:5      | Reached XP level 6. HP: 35/37 MP: 6/6
  3471 | D:5      | Noticed a sky beast
  3609 | D:4      | Found Ekuy's Armour Boutique.
  3627 | D:4      | Noticed a necrophage
  3644 | D:4      | Killed a necrophage
  3645 | D:4      | Reached skill level 7 in Maces & Flails
  3896 | D:4      | Reached XP level 7. HP: 41/41 MP: 7/7
  3917 | D:4      | Noticed a hornet
  3959 | D:5      | Found a hide-covered altar of Uskayaw.
  3967 | D:5      | Gained mutation: You possess an exceptional clarity of
                  | mind. [potion of mutation]
  3981 | D:5      | Killed a hornet
  3982 | D:5      | Reached skill level 8 in Maces & Flails
  4279 | D:6      | Lost mutation: You possess an exceptional clarity of mind.
                  | [potion of mutation]
  4279 | D:6      | Gained mutation: You are clumsy. (Dex -2) [potion of
                  | mutation]
  4279 | D:6      | Gained mutation: Armour fits poorly on your strangely
                  | shaped body. [potion of mutation]
  4279 | D:6      | Gained mutation: You evolve. [potion of mutation]
  4295 | D:6      | Reached * piety under Trog
  4334 | D:6      | Gained mutation: You are robust. (+10% HP) [evolution]
  4362 | D:5      | Reached skill level 9 in Maces & Flails
  4362 | D:5      | Reached XP level 8. HP: 43/50 MP: 8/8
  4411 | D:5      | Noticed Grinder
  4435 | D:5      | Killed Grinder
  4763 | D:5      | Found an opulent altar of Gozag.
  4788 | D:5      | Reached skill level 10 in Maces & Flails
  5079 | D:5      | Gained mutation: You are partially covered in large bone
                  | plates. (SH +4) [evolution]
  5596 | D:6      | Reached skill level 11 in Maces & Flails
  5604 | D:6      | Reached XP level 9. HP: 18/56 MP: 9/9
  6090 | D:6      | Reached ** piety under Trog
  6318 | D:7      | Lost mutation: Armour fits poorly on your strangely shaped
                  | body. [potion of mutation]
  6318 | D:7      | Lost mutation: You evolve. [potion of mutation]
  6318 | D:7      | Lost mutation: You are robust. (+10% HP) [potion of
                  | mutation]
  6318 | D:7      | Gained mutation: You do not regenerate when monsters are
                  | visible. [potion of mutation]
  6318 | D:7      | Gained mutation: Your muscles are strong. (Str +2) [potion
                  | of mutation]
  6630 | D:7      | Reached skill level 12 in Maces & Flails
  7229 | D:7      | Identified the -1 pair of boots "Hofeirph" {rN+}
  7250 | D:7      | Identified the +9 mace of Cruel Justice {speed, rF+ rN+}
  7267 | D:7      | Reached skill level 13 in Maces & Flails
  7295 | D:7      | Found a staircase to the Ecumenical Temple.
  7916 | D:8      | Found Kuunk's Antique Armour Boutique.
  7964 | D:8      | Found Wamanulu's Magic Scroll Emporium.
  7993 | D:8      | Found a hazy altar of Hepliaklqana.
  7995 | D:8      | Paralysed by a kobold brigand for 3 turns
  8041 | D:8      | Found a faded altar of an unknown god.
  8123 | D:8      | Reached XP level 10. HP: 56/56 MP: 10/10
  8272 | D:8      | Found Kuphijys's Jewellery Shoppe.
  8330 | D:8      | Found a sacrificial altar of Ru.
  8404 | D:8      | You fall into a shaft and drop 1 floor!
  8490 | D:9      | Reached *** piety under Trog
  8496 | D:9      | Found a staircase to the Orcish Mines.
  8510 | D:9      | Reached skill level 14 in Maces & Flails
  8738 | D:9      | Noticed a lindwurm
  8738 | D:9      | Noticed a lindwurm
  8776 | Orc:1    | Entered Level 1 of the Orcish Mines
  8795 | Orc:1    | Found Xoduow's Antique Weapon Shoppe.
  8873 | Orc:1    | Found Sesegehi's Weapon Boutique.
  8891 | Orc:1    | Noticed an orc sorcerer
  8908 | Orc:1    | Noticed a sixfirhy
  8909 | Orc:1    | Killed an orc sorcerer
  8976 | Orc:1    | Noticed an ettin
  8985 | Orc:1    | Slain by an ettin

Illustrated notes

Levels and vault maps discovered:
D:1:      saegor_arrival_simple_c, layout_basic, ebering_ecumenical_altar_webs,
          serial_forest, infiniplex_forest_lined_corner,
          infiniplex_forest_end_double, infiniplex_forest_lined_3,
          infiniplex_forest_lined_1, infiniplex_forest_straight_2,
          infiniplex_forest_lined_ring, infiniplex_forest_straight_4,
          infiniplex_forest_lined_room_2, infiniplex_forest_clump_medium,
          hex_medium, grunt_decor_arrowhead
D:2:      layout_basic
D:3:      layout_rooms, overflow_temple_1_default, lemuel_round_altar,
          mainiacjoe_overflow_swirl, minmay_misc_feat_diagonals
D:4:      layout_basic, kb_xom_exploding_sheep, ashenzari_conservatory_becter,
          kennysheep_small_square, uniq_menkaure
D:5:      layout_basic, eat_drink_and_be_merry_uskayaw, grunt_gozag_statues,
          minmay_misc_feat_columns, abandoned_shop, serial_bayou_pond_b,
          uniq_sigmund, uniq_grinder
D:6:      minmay_octagon_keep, layout_cave_pools
D:7:      layout_loops_ring, minmay_temple_entry_sparse_star,
          hangedman_misty_isle
D:8:      layout_cave_pools, makhleb_altar_promises_db,
          amethyst_overflow_temple_binary, beargit_hepliaklqana_dungeon_heroes,
          mainiacjoe_overflow_24_doors, serial_shops, shop, shop,
          nicolae_shop_stone, serial_column_ruins, column_ruins_circle_medium,
          column_ruins_open_tiny, column_ruins_open_small,
          column_ruins_open_small_water, column_ruins_columns_corner,
          column_ruins_grid_4, kennysheep_another_room, serial_bayou_pond_a
D:9:      layout_roguey [special_room_bee], zombieorc1_lemuel,
          minmay_lindwurm_lava
Orc:1:    gammafunk_beogh_shrine, layout_caves, serial_shops,
          nicolae_shop_window_shopping, nicolae_shop_waterfront, shop_fountains

Skill      XL: |  1  2  3  4  5  6  7  8  9 10 |
---------------+-------------------------------+-----
Maces & Flails | 3 4 5 6 7 9 11 13 14 | 14.0
Fighting       | 4 |  4.6
Armour         | 4 |  4.6
Shields        | 4 |  4.6

Action                   |  1- 3 |  4- 6 |  7- 9 | 10-12 || total
-------------------------+-------+-------+-------+-------++-------
Melee: Flail             |   140 |    75 |   378 |       ||   593
       Mace              |       |       |     9 |   166 ||   175
Invok: Berserk           |       |       |     2 |     2 ||     4
       Trog's Hand       |       |       |     1 |       ||     1
  Use: Potion            |       |     2 |     9 |       ||    11
       Scroll            |       |     6 |     6 |       ||    12
Armor: Scale mail        |    75 |    42 |   151 |    34 ||   302
Dodge: Dodged            |    51 |    32 |   107 |    20 ||   210
Block: Kite shield       |    80 |    50 |   264 |   105 ||   499
       Reflection        |       |       |     3 |     5 ||     8
